 Dungeon Crawl Stone Soup version 0.32-a0-999-gfa1cc04b1d (webtiles) character file.

Game seed: 15464548854495528891

2 GiantSquids the Sneak (level 1, -3/16 HPs)
             Began as an Octopode Delver on Apr 25, 2024.
             Splashed by a jelly's acid (10 damage)
             ... on level 5 of the Dungeon.
             The game lasted 00:00:33 (131 turns).

GiantSquids the Sneak (Octopode Delver)              Turns: 131, Time: 00:00:34

Health: -3/16      AC: -3    Str: 11    XL:     1   Next: 30%
Magic:  1/1        EV: 12    Int: 12    God:
Gold:   0          SH:  0    Dex: 13    Spells: 0/0 levels left

rFire   . . .        a - +0 short sword
rCold   . . .        (no shield)
rNeg    . . .        (helmet restricted)
rPois   .            (no amulet)
rElec   .            (no ring)
rCorr   .            (no ring)
SInv    .            (no ring)
Will    .....        (no ring)
Stlth   ++++         (no ring)
HPRegen 0.22/turn    (no ring)
MPRegen 0.07/turn    (no ring)
                     (no ring)

%: no passive effects
@: lethally poisoned (-3 -> -12), corroded
A: almost no armour, amphibious, 8 rings, camouflage 1, gelatinous body 1,
(nimble swimmer 1), tentacles
a: no special abilities


You were on level 5 of the Dungeon.
You visited 1 branch of the dungeon, and saw 1 of its levels.

Inventory:

Hand Weapons
 a - a +0 short sword (weapon)
 g - the +8 dagger of Arroi {drain, *Noise +Blink rCorr Stlth-}
   (You found it on level 5 of the Dungeon)

   +Blink:    It lets you blink.
   *Noise:    It may make a loud noise when swung.
   rCorr:     It protects you from acid and corrosion.
   Stlth-:    It makes you less stealthy.
Wands
 f - a wand of digging (3)
Scrolls
 b - a scroll of fog
 c - a scroll of revelation
 d - a scroll of fear
Potions
 e - a potion of haste


   Skills:
 - Level 3.0 Fighting
 * Level 2.1 Short Blades
 - Level 2.0 Dodging
 + Level 6.6 Stealth


You couldn't memorise any spells.
You didn't know any spells.
Your spell library was empty.

Dungeon Overview and Level Annotations

Branches:
Dungeon (5/15)
 Temple: D:4-7

Altars:


Innate Abilities, Weirdness & Mutations

You cannot wear most types of armour.
You are amphibious.
You can wear up to eight rings at the same time.
Your skin changes colour to match your surroundings (Stealth+).
Your rubbery body absorbs attacks. (AC +1, EV +1)
((You are camouflaged when in or above water. (Stealth+)))
You have tentacles for arms and can constrict up to eight enemies at once.


Message History

The gnoll sergeant shouts!
The gnoll shouts!
A gnoll comes into view. It is wielding a +0 halberd.
The gnoll shouts!
Found an Everburning Encyclopedia.
You close the door.
You hear an angry buzzing noise. x2
Unknown command.
A gnoll sergeant opens the door.
Found a transparent dagger.
You see here the +8 dagger of Arroi {drain, *Noise +Blink rCorr Stlth-}.
g - the +8 dagger of Arroi {drain, *Noise +Blink rCorr Stlth-}
Found a stone staircase leading down.
An adder comes into view.
An adder comes into view.
A killer bee comes into view. x2
A jelly comes into view.
The killer bee buzzes angrily.
You hear an angry buzzing noise. x2
You hear an angry hiss.
A killer bee comes into view. x4
The killer bee buzzes angrily.
The jelly quivers.
The killer bee buzzes angrily.
The killer bee stings you.
The killer bee stings you but does no damage.
You miss the killer bee.
The killer bee buzzes angrily.
Your grab misses the killer bee.
The killer bee stings you but does no damage.
The adder bites you.
The killer bee stings you but does no damage. x2
You hit the killer bee. Your grab misses the killer bee.
The killer bee is lightly wounded.
The killer bee barely misses you. The killer bee stings you.
You are poisoned.
The killer bee poisons you! The adder bites you.
You are lethally poisoned!
The adder poisons you! The jelly hits you. The acid corrodes you!
You are splashed with acid!
Ouch! That really hurt!
You die...

#.#.# #.#.. #.#.# #.#.#
####### #.#.# .......
#.#.# ....... #.#S#
......J###.#.###########
.....yy@Sg..g..........>
.....yy###.############.
......y #.# #. ......y.
#.# #. ........ #.# #g
........ #.# #. g.....##
#.# #g ...... ..# #.
......######## #.


You could see a gnoll sergeant, a jelly, 6 killer bees, a gnoll and an adder.

Vanquished Creatures
  An orc (D:5)
1 creature vanquished.

Notes
Turn   | Place    | Note
-------+----------+-------------------------------------------
     0 | D:5      | GiantSquids the Octopode Delver began the quest for the
                  | Orb.
     0 | D:5      | Reached XP level 1. HP: 16/16 MP: 1/1
    53 | D:5      | Noticed a gnoll sergeant
    98 | D:5      | Identified the +8 dagger of Arroi {drain, *Noise +Blink
                  | rCorr Stlth-}
   126 | D:5      | Noticed a killer bee
   126 | D:5      | Noticed a killer bee
   128 | D:5      | Noticed a jelly
   128 | D:5      | Noticed a killer bee
   128 | D:5      | Noticed a killer bee
   128 | D:5      | Noticed a killer bee
   128 | D:5      | Noticed a killer bee
   131 | D:5      | Splashed by a jelly's acid

Illustrated notes

Levels and vault maps discovered:
D:5:      layout_basic

Action                     || total
---------------------------++-------
  Melee: Short sword       ||     4
         Constrict         ||     1
         Tentacles         ||     1
 Armour: Skin              ||    10
  Dodge: Dodged            ||     1

Table legend: (Time is in decaauts)
 A = Elapsed time spent in this place.
 B = Non-inter-level travel time spent in this place.
 C = Inter-level travel time spent in this place.
 D = Time resting spent in this place.
 E = Time spent auto-exploring this place.
 F = Levels seen in this place.
 G = Mean time per level.
                   A        B        C        D        E       F      G
               +--------+--------+--------+--------+--------+-----+--------+
         Total |    130 |    130 |      0 |      0 |     45 |   1 |  130.0 |
       Dungeon |    130 |    130 |      0 |      0 |     45 |   1 |  130.0 |
               +--------+--------+--------+--------+--------+-----+--------+

Top non-repeatable levels by time:
     D:5: 130 daAuts
